AoeStats
← Ambro

Black Forest

508929307Analyzed
2v2 RM · 7d ago on Sep 24, 2026· 45m 42s· 4 players
Game mode
Random Map
Map size
Medium (4 player)
Population
200
Speed
Normal
Resources
Standard
Victory
Conquest
Starting age
Dark Age
Ending age
Imperial Age
RankedLock teamsTeams togetherTeam positionsShared explorationLock speedFull tech treeHidden civsTurbo modeCheats
Victory
Defeat
🇦🇹 Franks · Austria
621
+14
🇩🇪 Vietnamese · Germany
605
+15
🇺🇸 Spanish · United States
649
-17
🇳🇱 Sicilians · Netherlands
522
-12
bobozius
14:11 Feudal Age
14:41 Double-Bit Axe
14:39 Horse Collar
15:53 Wheelbarrow
21:11 Castle Age
19:46 Stone Mining
21:13 Gold Mining
22:08 Bow Saw
22:00 Heavy Plow
23:14 Hand Cart
25:20 Town Watch
26:08 Caravan
27:18 Treadmill Crane
27:49 Masonry
27:50 Fortified Wall
28:55 Stone Shaft Mining
30:00 Murder Holes
31:59 Town Patrol
35:53 Imperial Age
33:24 Town Patrol
33:30 Fletching
33:41 Padded Archer Armor
33:42 Scale Mail Armor
34:06 Ballistics
33:28 Elite Skirmisher
34:08 Bodkin Arrow
35:42 Leather Archer Armor
37:37 Chemistry
37:05 Paper Money
37:32 Crop Rotation
37:13 Elite Rattan Archer
38:29 Loom
38:48 Bracer
39:19 Ring Archer Armor
38:23 Imperial Skirmisher
39:51 Forging
39:57 Chain Mail Armor
39:47 Scale Barding Armor
41:16 Husbandry
40:37 Cavalier
41:27 Bloodlines
40:38 Light Cavalry
43:04 Iron Casting
43:00 Plate Mail Armor
44:17 Elite Battle Elephant
45:20 Chain Barding Armor
jojohe232
2:05 Loom
13:00 Feudal Age
13:54 Double-Bit Axe
20:05 Castle Age
21:05 Bow Saw
22:17 Stone Mining
22:18 Gold Mining
24:21 Caravan
27:11 Gold Shaft Mining
31:53 Forging
31:44 Scale Mail Armor
31:51 Scale Barding Armor
35:25 Imperial Age
34:23 Ballistics
33:58 Murder Holes
34:42 Iron Casting
33:58 Fletching
34:24 Chain Mail Armor
34:09 Padded Archer Armor
35:50 Chain Barding Armor
36:53 Wheelbarrow
36:03 Town Watch
36:22 Pikeman
37:04 Squires
36:27 Elite Skirmisher
38:06 Hand Cart
38:57 Chemistry
38:31 Plate Mail Armor
39:01 Blast Furnace
37:57 Bodkin Arrow
38:17 Leather Archer Armor
38:10 Town Patrol
39:55 Plate Barding Armor
39:56 Husbandry
40:58 Conscription
40:01 Cavalier
41:17 Onager
42:06 Chivalry
41:30 Ordonnance Companies
43:47 Paladin
Ambro
0:28 Loom
16:05 Feudal Age
16:40 Horse Collar
17:06 Double-Bit Axe
23:50 Castle Age
21:59 Gold Mining
22:03 Stone Mining
24:28 Wheelbarrow
27:23 Husbandry
27:34 Bloodlines
27:29 Padded Archer Armor
28:25 Ballistics
29:22 Hand Cart
28:55 Town Watch
30:39 Fervor
31:52 Sanctity
32:05 Leather Archer Armor
31:42 Fletching
32:06 Masonry
31:53 Murder Holes
33:03 Caravan
33:45 Town Watch
35:50 Inquisition
39:59 Imperial Age
41:16 Conscription
41:49 Ring Archer Armor
41:57 Architecture
42:31 Chemistry
42:06 Architecture
Elsalala
8:47 Loom
16:28 Feudal Age
17:52 Wheelbarrow
17:03 Town Watch
18:51 Double-Bit Axe
19:12 Horse Collar
20:12 Gold Mining
20:13 Stone Mining
21:56 Arson
27:41 Castle Age
26:51 Forging
26:32 Fletching
28:47 Scale Mail Armor
28:48 Padded Archer Armor
30:25 Gold Shaft Mining
31:14 Bow Saw
31:55 Stone Shaft Mining
32:49 Heavy Plow
35:41 Imperial Age
33:41 Murder Holes
34:01 Elite Skirmisher
34:05 Crossbowman
35:17 Bodkin Arrow
36:56 Hand Cart
37:18 Conscription
40:38 Chemistry
40:59 Elite Serjeant
41:38 Arbalester
44:29 Pikeman
45:09 Squires
Connection lost

Rejoining the realm…

Still unreachable

The connection could not be restored.

Session expired

The server has moved on; the page needs a fresh start.